 Dungeon Crawl Stone Soup version 0.28-a0-773-g130ae17fe5 (webtiles) character file.

Game seed: 12324284161373294272

16 iamoutofideas the Grasshopper (level 2, -4/26 HPs)
             Began as a Gnoll Warper on Nov 1, 2021.
             Killed from afar by Sigmund (10 damage)
             ... with a puff of flame
             ... on level 2 of the Dungeon.
             The game lasted 00:01:20 (1235 turns).

iamoutofideas the Grasshopper (Gnoll Warper)        Turns: 1235, Time: 00:01:21

Health: -4/26      AC:  3    Str: 10    XL:     2   Next: 54%
Magic:  7/7        EV: 12    Int: 12    God:
Gold:   8          SH:  0    Dex: 11    Spells: 10/10 levels left

rFire   . . .      SeeInvis .   a - +0 hand axe
rCold   . . .      Faith    .   (no shield)
rNeg    . . .      Spirit   .   b - +0 leather armour
rPois   .          Reflect  .   (no helmet)
rElec   .          Harm     .   (no cloak)
rCorr   .          Rampage  .   (no gloves)
Will    .....                   (no boots)
Stlth   +.........              (no amulet)
HPRegen 0.08/turn               (no ring)
MPRegen 0.10/turn               (no ring)

@: no status effects
A: fangs 1, strong nose, distributed training
a: no special abilities


You were on level 2 of the Dungeon.
You visited 1 branch of the dungeon, and saw 2 of its levels.

You collected 8 gold pieces.

Inventory:

Hand Weapons
 a - a +0 hand axe (weapon)
Missiles
 d - 5 boomerangs of dispersal (quivered)
Armour
 b - a +0 leather armour (worn)
 h - a +0 ring mail
Scrolls
 c - a scroll of blinking
 f - a scroll of identify {unknown}
 g - a scroll of noise {unknown}
Potions
 e - a potion of degeneration {unknown}


   Skills:
 + Level 4.5 Fighting
 + Level 0.4 Short Blades
 + Level 0.4 Long Blades
 + Level 4.5 Axes
 + Level 0.4 Maces & Flails
 + Level 0.4 Polearms
 + Level 0.4 Staves
 + Level 0.4 Slings
 + Level 0.4 Bows
 + Level 0.4 Crossbows
 + Level 2.5 Throwing
 + Level 2.5 Armour
 + Level 4.5 Dodging
 + Level 0.4 Stealth
 + Level 0.4 Shields
 + Level 0.4 Unarmed Combat
 + Level 4.9 Spellcasting
 + Level 0.2 Conjurations
 + Level 0.2 Hexes
 + Level 0.2 Summonings
 + Level 0.2 Necromancy
 + Level 5.3 Translocations
 + Level 0.2 Transmutations
 + Level 0.2 Fire Magic
 + Level 0.2 Ice Magic
 + Level 0.2 Air Magic
 + Level 0.2 Earth Magic
 + Level 0.2 Poison Magic
 + Level 0.5 Invocations
 + Level 0.4 Evocations


You had 10 spell levels left.
You didn't know any spells.
Your spell library contained the following spells:

 Spells                   Type           Power      Damage    Failure   Level
 Blink                    Tloc           30%        N/A       4%          2
 Gell's Gravitas          Tloc           15%        N/A       9%          3
 Lesser Beckoning         Tloc           15%        N/A       9%          3
 Teleport Other           Tloc           15%        N/A       9%          3
 Manifold Assault         Tloc           15%        N/A       63%         5


Dungeon Overview and Level Annotations

Branches:
Dungeon (2/15)

Altars:

Shops:
D:1 (

Annotations:
D:2 Sigmund


Innate Abilities, Weirdness & Mutations

You have very sharp teeth.
Your uncanny sense of smell can sniff out nearby items.
Your experience applies equally to all skills.


Message History

A dart slug is nearby!
A dart slug is nearby!
The dart slug closely misses you.
You slash the dart slug!
You kill the dart slug!
No target in view!
No target in view!
There is an open door here.
Done exploring.
Done exploring.
Done exploring.
No target in view!
No target in view!
No target in view!
(D) Dungeon
Where to? (Enter - D:1 @ (x,y), ? - help)
There is a stone staircase leading down here.
You climb downwards.
There is a stone staircase leading up here.
Sigmund the Dreaded comes into view.
He is wielding a +0 scythe.
Sigmund shouts!
Sigmund is nearby!
Sigmund says, "Now you see me, now you don't..."
Sigmund is nearby!
You hit Sigmund but do no damage. Sigmund barely misses you.
You closely miss Sigmund. You bite Sigmund, but do no damage.
Sigmund casts a spell.
Sigmund flickers and vanishes!
Deactivating autopickup; reactivate with Ctrl-A.
No target in view!
You miss something. Something hits you!
You closely miss something. Your bite misses something.
Something hits you but does no damage.
You hit something. You bite something. You miss something.
Something completely misses you. Something hits you!
* * * LOW HITPOINT WARNING * * *
A puff of flame appears from out of thin air!
The puff of flame hits you!
You die...

#..
#...#######
#.# #.###
#.# #.# #.#
#.#
#######{###
#.#
..........#
#.#
#######.#.#
#.#
#.#.####.#
#.#.@....#
#.########
#.# #.# #.#
∆ ∆


There were no monsters in sight!

Vanquished Creatures
  A dart slug (D:1)
  2 ball pythons (D:1)
  4 bats (D:1)
  An endoplasm (D:1)
  A goblin (D:1)
  2 hobgoblins (D:1)
  A frilled lizard (D:1)
  A kobold (D:1)
  A rat (D:1)
14 creatures vanquished.

Notes
Turn   | Place    | Note
-------+----------+-------------------------------------------
     0 | D:1      | iamoutofideas the Gnoll Warper began the quest for the Orb.
     0 | D:1      | Reached XP level 1. HP: 20/20 MP: 6/6
   305 | D:1      | Reached XP level 2. HP: 26/26 MP: 7/7
   472 | D:1      | Found Umiesmeo's Antique Weapon Shop.
   484 | D:1      | Found a faded altar of an unknown god.
  1222 | D:2      | Noticed Sigmund
  1235 | D:2      | Killed from afar by Sigmund

Illustrated notes

Levels and vault maps discovered:
D:1:      psy_arrival_heroes, layout_basic, serial_shops, shop,
          basic_ecumenical_altar, minmay_pentomino_x4
D:2:      layout_loops_ring, kennysheep_generic_room_14, uniq_terence,
          uniq_sigmund, uniq_natasha

Action                   || total
-------------------------++-------
Melee: Hand axe          ||    46
       Bite              ||     3
Armor: Leather armour    ||    18
Dodge: Dodged            ||    37

Table legend: (Time is in decaauts)
 A = Elapsed time spent in this place.
 B = Non-inter-level travel time spent in this place.
 C = Inter-level travel time spent in this place.
 D = Time resting spent in this place.
 E = Time spent auto-exploring this place.
 F = Levels seen in this place.
 G = Mean time per level.
                   A        B        C        D        E       F      G
               +--------+--------+--------+--------+--------+-----+--------+
         Total |   1238 |   1215 |     23 |      0 |   1101 |   2 |  619.0 |
       Dungeon |   1238 |   1215 |     23 |      0 |   1101 |   2 |  619.0 |
               +--------+--------+--------+--------+--------+-----+--------+

Top non-repeatable levels by time:
     D:1: 1195 daAuts
     D:2: 42 daAuts
